 Dungeon Crawl Stone Soup version 0.29-a0-414-g5075937ec3 (webtiles) character file.

Game seed: 4174627800309609618

57 purpskrrrp the Poker (level 3, -2/28 HPs)
             Began as a Demigod Wanderer on May 15, 2022.
             Slain by a hobgoblin (3 damage)
             ... led by Robin
             ... on level 2 of the Dungeon.
             The game lasted 00:07:58 (1666 turns).

purpskrrrp the Poker (Demigod Wanderer)             Turns: 1666, Time: 00:07:58

Health: -2/28      AC:  6    Str: 11 (13) XL:     3   Next: 50%
Magic:  6/6        EV:  8    Int: 13 (14) God:
Gold:   101        SH:  0    Dex: 14 (17) Spells: 3/4 levels left

rFire   . . .      SeeInvis .   a - +2 spear
rCold   . . .      Faith    .   (no shield)
rNeg    . . .      Spirit   .   b - +0 scale mail
rPois   .          Reflect  .   (no helmet)
rElec   .          Harm     .   (no cloak)
rCorr   .          Rampage  .   (no gloves)
Will    .....                   (no boots)
Stlth   ..........              (no amulet)
HPRegen 0.09/turn               (no ring)
MPRegen 0.10/turn               (no ring)

@: flying
A: high MP 1, forlorn, divine attributes
a: no special abilities


You were on level 2 of the Dungeon.
You visited 1 branch of the dungeon, and saw 2 of its levels.

You collected 101 gold pieces.

Inventory:

Hand Weapons
 a - a +2 spear (weapon)
 d - a +4 whip
Armour
 b - a +0 scale mail (worn)
Jewellery
 n - an amulet of reflection
Scrolls
 c - a scroll of fear
 g - a scroll of magic mapping {unknown}
 i - a scroll of summoning {unknown}
 j - 2 scrolls of teleportation {unknown}
 l - a scroll of fog {unknown}
 m - a scroll of noise {unknown}
 q - 2 scrolls of poison {unknown}
 r - 2 scrolls of identify {unknown}
Potions
 e - a potion of degeneration
 h - a potion of resistance {unknown}
 k - a potion of magic {unknown}
 o - a potion of mutation {unknown}
 p - a potion of berserk rage {unknown}
 s - a potion of attraction {unknown}


   Skills:
 + Level 1.4 Fighting
 + Level 4.4 Polearms
 + Level 1.0 Throwing
 + Level 2.3 Armour
 + Level 0.4 Dodging
 + Level 1.0 Spellcasting
 + Level 1.0 Conjurations


You had 3 spell levels left.
You knew the following spells:

 Your Spells              Type           Power      Damage    Failure   Level
a - Shock                 Conj/Air       4%         1d3       78%         1

Your spell library contained the following spells:

 Spells                   Type           Power      Damage    Failure   Level
 Summon Small Mammal      Summ           0%         N/A       85%         1
 Stone Arrow              Conj/Erth      2%         3d7       98%         3
 Call Canine Familiar     Summ           0%         N/A       99%         3
 Summon Guardian Golem    Hex/Summ       0%         N/A       99%         3


Dungeon Overview and Level Annotations

Branches:
Dungeon (2/15)

Annotations:
D:2 Robin


Innate Abilities, Weirdness & Mutations

You have an increased reservoir of magic. (+10% MP)
You shall have no god before yourself.
Your divine heritage dramatically boosts your attributes as you level up.


Message History

The goblin barely misses you. The goblin hits you but does no damage.
You hit the goblin.
You kill the goblin!
The goblin no longer looks unusually strong.
The goblin hits you with a +0 club. The goblin hits you but does no damage.
You hit the hobgoblin.
The hobgoblin is severely wounded.
The goblin hits you but does no damage. The hobgoblin hits you.
The goblin hits you with a +0 dagger.
Robin points. "Kill!"
You closely miss the hobgoblin.
The hobgoblin is severely wounded.
The goblin hits you with a +0 club. The hobgoblin barely misses you.
The goblin closely misses you.
Robin roars a battlecry!
The goblin goes into a battle-frenzy!
You completely miss the hobgoblin.
The hobgoblin is severely wounded.
The goblin hits you with a +0 club. The goblin barely misses you.
The hobgoblin hits you.
You closely miss the hobgoblin.
The hobgoblin is severely wounded.
The hobgoblin hits you.
* * * LOW HITPOINT WARNING * * *
The goblin hits you with a +0 dagger.
* * * LOW HITPOINT WARNING * * *
The goblin hits you with a +0 club.
* * * LOW HITPOINT WARNING * * *
It was a potion of degeneration.
There was something very wrong with that liquid.
You feel weakened.
You feel dopey.
You feel clumsy.
The hobgoblin no longer looks unusually strong.
The hobgoblin hits you but does no damage.
The goblin hits you with a +0 dagger.
* * * LOW HITPOINT WARNING * * *
The goblin barely misses you.
It was a potion of flight.
You feel very buoyant.
You fly up into the air.
The hobgoblin hits you.
You die...

###########
##..ggg@g..# #####
#....gg###.# .....
####....gg# .....
#.........###.# .....
#............... ####
#...............
..#####...............
..#...................
..#.............####..
..


You could see Robin, 3 hobgoblins and 4 goblins.

Vanquished Creatures
  A worm (D:2)
  A dart slug (D:2)
  5 ball pythons
  4 endoplasms
  10 goblins
  4 hobgoblins (D:1)
  3 jackals (D:1)
  2 quokkas (D:1)
  6 bats
  3 frilled lizards
  8 kobolds
  3 rats (D:2)
50 creatures vanquished.

Notes
Turn   | Place    | Note
-------+----------+-------------------------------------------
     0 | D:1      | purpskrrrp the Demigod Wanderer began the quest for the
                  | Orb.
     0 | D:1      | purpskrrrp set off with the following items: a +2 spear, a
                  | +0 scale mail, a scroll of fear; and the following spell
                  | memorised: Shock; and the following spells available to
                  | memorise: Stone Arrow
     0 | D:1      | Reached XP level 1. HP: 16/16 MP: 4/4
   476 | D:1      | Reached XP level 2. HP: 22/23 MP: 5/5
   518 | D:1      | Reached skill level 4 in Polearms
  1151 | D:1      | Reached XP level 3. HP: 26/28 MP: 6/6
  1632 | D:2      | Noticed Robin
  1665 | D:2      | HP: 1/28 [goblin/+0 dagger[Robin] (2)]
  1666 | D:2      | Slain by a hobgoblin

Illustrated notes

Levels and vault maps discovered:
D:1:      dpeg_arrival_castle, layout_loops_ring, basic_ecumenical_altar,
          nrook_loot_triangle
D:2:      layout_basic, uniq_jessica, uniq_robin

Skill      XL: |  1  2 |
---------------+-------+-----
Armour         | 2 |  2.3
Polearms       | 4 |  4.4
Fighting       | |  1.4
Throwing       | |  1.0
Dodging        | |  0.4
Spellcasting   | |  1.0
Conjurations   | |  1.0

Action                   || total
-------------------------++-------
Melee: Spear             ||   143
       Whip              ||     2
       Punch             ||     1
  Use: Scroll            ||     1
       Potion            ||     2
Armor: Scale mail        ||    73
Dodge: Dodged            ||    64

Table legend: (Time is in decaauts)
 A = Elapsed time spent in this place.
 B = Non-inter-level travel time spent in this place.
 C = Inter-level travel time spent in this place.
 D = Time resting spent in this place.
 E = Time spent auto-exploring this place.
 F = Levels seen in this place.
 G = Mean time per level.
                   A        B        C        D        E       F      G
               +--------+--------+--------+--------+--------+-----+--------+
         Total |   1656 |   1490 |    166 |    273 |    884 |   2 |  828.0 |
       Dungeon |   1656 |   1490 |    166 |    273 |    884 |   2 |  828.0 |
               +--------+--------+--------+--------+--------+-----+--------+

Top non-repeatable levels by time:
     D:1: 1297 daAuts
     D:2: 359 daAuts
